 Dungeon Crawl Stone Soup version 0.20-a0-1043-gbd57889 (webtiles) character file.

312 Multipenetrator the Slasher (level 6, -2/47 HPs)
             Began as a Demonspawn Gladiator on Apr 24, 2017.
             Slain by an orc
             ... wielding a +0 falchion
              (6 damage)
             ... on level 3 of the Dungeon.
             The game lasted 00:09:21 (1439 turns).

Multipenetrator the Slasher (Demonspawn Gladiator)  Turns: 1439, Time: 00:09:22

Health: -2/47      AC:  5    Str: 14    XL:     6   Next: 18%
Magic:  6/6        EV: 13    Int:  9    God:
Gold:   123        SH:  0    Dex: 17    Spells: 5/5 levels left

rFire    . . .     SeeInvis .   a - +0 long sword
rCold    . . .     Gourm    .   (no shield)
rNeg     . . .     Faith    .   b - +0 leather armour
rPois    .         Spirit   .   c - +0 helmet
rElec    .         Reflect  .   (no cloak)
rCorr    .         Harm     .   j - +0 pair of gloves
MR       .....                  (no boots)
Stlth    ++........             g - amulet of regeneration
Regen    0.6/turn               e - ring of loudness (curse)
MPRegen  0.1/turn               (no ring)

@: no status effects
A: hooves 1, nightstalker 2
a: no special abilities


You were on level 3 of the Dungeon.
You were not hungry.

You visited 2 branches of the dungeon, and saw 5 of its levels.

You collected 123 gold pieces.

Inventory:

Hand Weapons
 a - a +0 long sword (weapon)
 i - a cursed -2 spear
Missiles
 d - 3 throwing nets (quivered)
Armour
 b - a +0 leather armour (worn)
 c - a +0 helmet (worn)
 j - a +0 pair of gloves (worn)
Jewellery
 e - a cursed ring of loudness (left hand)
 g - an amulet of regeneration (around neck)
Scrolls
 l - a scroll of teleportation {unknown}
 n - a scroll of identify {unknown}
 q - a scroll of remove curse {unknown}
 s - 3 scrolls of blinking {unknown}
Potions
 h - 2 potions of brilliance {unknown}
 m - a potion of heal wounds {unknown}
 p - a potion of curing {unknown}
 r - a potion of haste {unknown}
Comestibles
 f - 3 bread rations
 k - 4 royal jellies


   Skills:
 + Level 3.0 Fighting
 + Level 4.8 Long Blades
 - Level 1.7 Throwing
 + Level 2.4 Armour
 + Level 3.4 Dodging


You had 5 spell levels left.
You didn't know any spells.

Dungeon Overview and Level Annotations

Branches:
Dungeon (4/15)             Temple (1/1) D:4

Altars:
Cheibriados
Elyvilon
Fedhas
Gozag
Hepliaklqana
Kikubaaqudgha
Nemelex Xobeh
Qazlal
Ru
Sif Muna
Trog
Wu Jian
Xom
Yredelemnul

Annotations:
D:4 Grinder


Innate Abilities, Weirdness & Mutations

You have large cloven feet.
You are significantly more attuned to the shadows.


Message History

The orc wizard hits you but does no damage.
The orc barely misses you.
You riposte.
You barely miss the orc. You kick the orc, but do no damage.
Unknown command.
You hit the orc wizard but do no damage.
You kick the orc wizard, but do no damage.
The orc wizard is severely wounded.
The orc wizard closely misses you. The orc hits you with a falchion.
* * * LOW HITPOINT WARNING * * *
You miss the orc wizard.
The orc wizard is severely wounded.
The orc wizard hits you with a dagger.
* * * LOW HITPOINT WARNING * * *
The orc hits you with a falchion.
* * * LOW HITPOINT WARNING * * *
You slash the orc wizard!
You kill the orc wizard!
Your Fighting skill increases to level 3!
The orc hits you with a falchion.
You die...

########## #........#
#........#
#........######..
#.....^.........
#####........##.....
#........o.........
#.......@....###.#.
#...((..)........#
#....()(>........####
#####((.............#
###(####....####.#
#...........## #.#
#............# #.#
#......#....># #.#
#..(...#.....###.#


You could see an orc.

Vanquished Creatures
  An ogre (D:4)
  A scorpion (D:4)
  A bullfrog skeleton (D:4)
  2 orc wizards (D:3)
  A worker ant (D:4)
  2 adders (D:2)
  An ooze (D:4)
  4 worms
  3 dart slugs
  A leopard gecko (D:1)
  An orc (D:3)
  2 bats (D:2)
  2 giant cockroaches
  3 goblins
  3 hobgoblins
  3 jackals (D:3)
  3 frilled lizards
  5 kobolds
  4 rats
43 creatures vanquished.

Notes
Turn   | Place    | Note
-------+----------+-------------------------------------------
     0 | D:1      | Multipenetrator the Demonspawn Gladiator began the quest for the Orb.
     0 | D:1      | Reached XP level 1. HP: 16/16 MP: 1/1
   109 | D:1      | Gained mutation: You have large cloven feet. [demonic ancestry]
   109 | D:1      | Reached XP level 2. HP: 10/22 MP: 2/2
   298 | D:1      | Reached skill level 3 in Long Blades
   424 | D:2      | Reached skill level 1 in Armour
   424 | D:2      | Reached XP level 3. HP: 17/27 MP: 3/3
   527 | D:2      | Found a snail-covered altar of Cheibriados.
   706 | D:3      | Found a sparkling altar of Nemelex Xobeh.
   783 | D:4      | Gained mutation: You are slightly more attuned to the shadows. [demonic ancestry]
   783 | D:4      | Reached XP level 4. HP: 24/34 MP: 4/4
   791 | D:4      | Found a staircase to the Ecumenical Temple.
   800 | Temple   | Entered the Ecumenical Temple
   995 | D:4      | Noticed an ogre
  1115 | D:4      | Killed an ogre
  1115 | D:4      | Reached skill level 4 in Long Blades
  1115 | D:4      | Reached XP level 5. HP: 33/40 MP: 5/5
  1181 | D:4      | Noticed Grinder
  1414 | D:3      | Gained mutation: You are significantly more attuned to the shadows. [demonic ancestry]
  1414 | D:3      | Reached XP level 6. HP: 41/46 MP: 6/6
  1439 | D:3      | Slain by an orc

Vault maps used:
D:1:      erik_arrival_cave_to_civilisation
D:2:      zin_academy, cheibriados_altar_1, serial_corexii_hall,
          corexii_hall_statues_x, corexii_hall_statues_s, serial_bayou_pond_b,
          grunt_ministairs_3
D:3:      minmay_door_path, nemelex_xobeh_ov_fountains_minmay,
          overflow_temple_1_default, first_bread, minmay_surrounded
D:4:      minmay_temple_entry_overgrown, hangedman_decor_riveting,
          uniq_eustachio, uniq_grinder
Temple:   hc_temple_tempest_star

Skill      XL: |  1  2  3  4  5  6 |
---------------+-------------------+-----
Long Blades    | 3 4 |  4.8
Dodging        | 3 |  3.4
Armour         | 1 2 |  2.4
Fighting       | 3 |  3.0
Throwing       | |  1.7

Action                   |  1- 3 |  4- 6 || total
-------------------------+-------+-------++-------
Melee: Long sword        |   128 |    68 ||   196
       Kick              |    31 |    37 ||    68
 Stab: Sleeping          |       |     1 ||     1
  Eat: Chunk             |       |     2 ||     2
Armor: Leather armour    |    31 |    23 ||    54
Dodge: Dodged            |    94 |    53 ||   147
       Rpst.: Long sword |    22 |    14 ||    36
